 Dungeon Crawl Stone Soup version 0.19-a0-611-gb5a7e8d (webtiles) character file.

65818 FitzyFitz the Geomancer (level 15, -4/74 HPs)
             Began as a Vine Stalker Earth Elementalist on June 1, 2016.
             Was a High Priest of Vehumet.
             Slain by a hound (5 damage)
             ... on level 8 of the Lair of Beasts on June 12, 2016.
             The game lasted 02:49:12 (32542 turns).

FitzyFitz the Geomancer (VSEE)                     Turns: 32542, Time: 02:49:13

Health: -4/74      AC:  7    Str: 12    XL:     15   Next: 17%
Magic:  0/29       EV: 14    Int: 25    God:    Vehumet [*****.]
Gold:   1301       SH:  5    Dex: 17    Spells: 7 memorised, 5 levels left

rFire  . . .     SeeInvis .     Q - staff of energy
rCold  . . .     Gourm    +     m - +2 robe {MR+}
rNeg   + . .     Faith    .     X - +0 buckler
rPois  +         Spirit   +     P - +2 helmet
rElec  .         Dismiss  .     (no cloak)
rCorr  .         Reflect  .     (no gloves)
SustAt .         Harm     .     (no boots)
MR     +++..                    n - amulet of the gourmand
Stlth  +++++.....               u - +5 ring of intelligence
                                T - ring "Fyirph" {*Drain rPois rN+ MR+ Str+2}

@: extremely resistant to hostile enchantments, quite stealthy
A: fangs 3, sense surroundings 1, regeneration 3, magic shield, antimagic bite,
no device heal 3, rot immunity
a: Renounce Religion


You were on level 8 of the Lair of Beasts.
You worshipped Vehumet.
Vehumet was extremely pleased with you.
You were completely stuffed.

You visited 3 branches of the dungeon, and saw 20 of its levels.

You collected 1301 gold pieces.

Inventory:

Hand Weapons
 b - a +4 hunting sling of flaming
 g - a +1 dagger of venom
 O - the +6 battleaxe of the Thoughtful Dances {chop, rElec MR++ Str+2 Dex-2, unknown}
   (You found it on level 7 of the Lair of Beasts)

   It inflicts extra damage upon your enemies.
   It affects your strength (+2).
   It affects your dexterity (-2).
   It insulates you from electricity.
   It affects your resistance to hostile enchantments.
Missiles
 o - 317 stones (quivered)
 p - 182 sling bullets
Armour
 m - a +2 robe of magic resistance (worn)
 P - a +2 helmet (worn)
 X - a +0 buckler (worn)
Magical Staves
 a - an uncursed staff of power
 C - an uncursed staff of earth
 Q - an uncursed staff of energy (weapon)
Jewellery
 f - an uncursed ring of fire
 i - the ring "Poghoo" {rPois rF+ rN+ SInv Stlth-}
   (You took it off a wight on level 11 of the Dungeon)

   [ring of protection from fire]

   It protects you from fire.
   It protects you from poison.
   It protects you from negative energy.
   It lets you see invisible.
   It makes you less stealthy.
 n - an amulet of the gourmand (around neck)
 u - a +5 ring of intelligence (right hand)
 T - the ring "Fyirph" (left hand) {*Drain rPois rN+ MR+ Str+2}
   (You took it off an orc wizard on level 8 of the Dungeon)

   [ring of poison resistance]

   It affects your strength (+2).
   It protects you from poison.
   It protects you from negative energy.
   It affects your resistance to hostile enchantments.
   It causes draining when unequipped.
Wands
 e - a wand of digging (6/24)
 j - a wand of digging (14/24)
 k - a wand of lightning (0/15)
 x - a wand of iceblast (0/15)
 S - a wand of hasting (4/9)
Scrolls
 l - 8 scrolls of remove curse
 s - a scroll of torment {unknown}
 v - a scroll of fog
 w - 2 scrolls of magic mapping
 B - a scroll of enchant weapon
 D - a scroll of vulnerability {unknown}
 E - a scroll of random uselessness {unknown}
 H - a scroll of holy word
 I - a scroll of enchant armour
 J - a scroll of immolation {unknown}
 L - a scroll of silence {unknown}
Potions
 h - 3 potions of curing
 t - 4 potions of might
 A - 8 potions of brilliance
 F - 2 potions of magic
 G - 4 potions of agility
 K - a potion of resistance {unknown}
 N - 3 potions of flight
 R - 2 potions of invisibility
 Y - 4 potions of cancellation {unknown}
Books
 y - a book of Conjurations

   Spells                             Type                      Level
   a - Magic Dart                     Conjuration                  1
   b - Searing Ray                    Conjuration                  2
   c - Dazzling Spray                 Conjuration/Hexes            3
   d - Fulminant Prism                Conjuration/Hexes            4
   e - Iskenderun's Mystic Blast      Conjuration                  4
   f - Iskenderun's Battlesphere      Conjuration/Charms           5
Comestibles
 c - 6 royal jellies
 d - 10 bread rations
 q - a meat ration
 z - 3 fruits
 M - a beef jerky


   Skills:
 - Level 6.5 Fighting
 - Level 5.1 Short Blades
 - Level 4.1 Staves
 - Level 4.1 Dodging
 - Level 11.3 Stealth
 - Level 4.0 Shields
 - Level 9.0 Spellcasting
 + Level 12.9 Conjurations
 - Level 4.0 Transmutations
 - Level 2.0 Fire Magic
 + Level 14.7 Earth Magic


You had 5 spell levels left.
You knew the following spells:

 Your Spells              Type           Power        Failure   Level  Hunger
a - Magic Dart            Conj           ####         1%          1    None
b - Bolt of Magma         Conj/Fire/Erth ######....   1%          5    None
c - Petrify               Tmut/Erth      ######..     1%          4    None
d - Passwall              Tmut/Erth      ######....   1%          2    None
e - Lee's Rapid Deconstr  Erth           ######....   1%          5    None
f - Iskenderun's Mystic   Conj           ######..     1%          4    None
h - Iron Shot             Conj/Erth      ######....   1%          6    None


Dungeon Overview and Level Annotations

Branches:
Dungeon (11/15)            Temple (1/1) D:5            Lair (8/8) D:10
  Swamp (0/4) Lair:6        Snake (0/4) Lair:4        Slime (0/6) Lair:8
    Orc: D:9-12

Altars:
Cheibriados
Fedhas
Gozag
Hepliaklqana
Kikubaaqudgha
Makhleb
Nemelex Xobeh
Qazlal
Sif Muna
Trog
Uskayaw
Vehumet
Xom
Zin
Beogh
Jiyva

Shops:
D:9 !

Annotations:
D:5 LogicNinja's ghost, novice DECj
D:10 Erolcha


Innate Abilities, Weirdness & Mutations

You have razor-sharp teeth.
You regenerate.
When hurt, damage is shared between your health and your magic reserves.
Your bite disrupts and absorbs the magic of your enemies.
Potions and wands cannot restore your health.
You are immune to rotting.
You passively map a small area around you.


Message History

Casting: Iskenderun's Mystic Blast
Confirm with . or Enter, or press ? or * to list all spells.
Which direction?
The hound bites you but does no damage. The hell hound breathes flames at you.
The blast of flame hits you!
* * * LOW HITPOINT WARNING * * *
You block the hell hound's attack. The hound bites you but does no damage.
You begin to meditate on the wall.
You continue meditating on the rock.
The hell hound bites you!
* * * LOW HITPOINT WARNING * * *
You block the hound's attack.
You continue meditating on the rock.
You block the hell hound's attack. The hound misses you.
You block the hound's attack. You block the hell hound's attack.
You continue meditating on the rock.
The hell hound bites you!
* * * LOW HITPOINT WARNING * * *
The hound bites you.
You die...

.†.## ..## ### ** ..####
###.## ,..%
P#...##########P#..## ...
* #.....#.#.#.##P#...%#
#...
÷...........#.#P...###...#
##...#........#........###
####.#...#....#.h..##...#
#######..###@h..#..# *
#..# ###....## * ,,,
,#....# #...".#.# ,
h.....## ##.%..%# ,,
.......## #......# *
...#.## #......#.# * *#.
## ##.)...### ** # * *
##.#÷..* * * ##.#.##


You could see a hell hound and a hound.

Vanquished Creatures
  Nessos (Lair:5)
  3 hydras
  22 death yaks
  Urug (Lair:1)
  Nergalle (D:10)
  A lindwurm (Lair:8)
  2 hill giants (D:10)
  2 oklob plants
  An ugly thing (D:9)
  Joseph (D:7)
  5 black mambas
  10 elephants
  2 torpor snails (Lair:8)
  14 spiny frogs
  3 rime drakes
  12 komodo dragons
  4 trolls
  A queen bee (D:10)
  2 two-headed ogres
  3 giant leeches (Lair:8)
  A boulder beetle (Lair:6)
  8 polar bears (Lair:8)
  36 blink frogs
  3 raiju (Lair:8)
  A wyvern (D:8)
  20 yaks
  4 basilisks
  2 steam dragons
  Grum (D:10)
  9 hippogriffs
  4 hungry ghosts
  4 wargs (Lair:8)
  6 porcupines
  A hell hound (Lair:8)
  16 water moccasins
  3 ice beasts
  13 black bears (Lair:8)
  2 sky beasts
  2 wasps
  An eye of draining (D:10)
  6 orc warriors
  8 ogres
  A phantom (D:8)
  4 centaurs
  21 wolves
  19 crocodiles
  2 big kobolds
  14 giant frogs
  3 scorpions
  13 wights
  28 killer bees
  2 howler monkeys
  3 electric eels
  5 crimson imps
  A giant frog zombie (D:8)
  2 quasits
  8 orc wizards
  9 orc priests
  11 hounds
  2 jellies
  2 centaur skeletons
  2 giant frog skeletons
  Jessica (D:3)
  11 iguanas
  5 hell rats (Lair:5)
  8 worker ants
  20 sheep
  A hound skeleton (D:6)
  A howler monkey zombie (D:6)
  A worker ant zombie (D:10)
  Robin (D:3)
  4 gnolls (D:6)
  A howler monkey skeleton (D:4)
  16 adders
  36 river rats
  5 shadow imps
  2 oozes
  An adder skeleton (D:5)
  10 worms
  2 dart slugs
  6 giant geckos
  63 orcs
  3 bats
  3 giant cockroaches
  9 goblins
  6 hobgoblins
  10 jackals
  19 kobolds
  11 quokkas
  3 giant gecko skeletons
  A giant gecko zombie (D:6)
  9 giant newts
  A jackal skeleton (D:4)
  2 quokka skeletons
  7 rats
  A bush (Lair:7)
  3 fungi
  4 plants
681 creatures vanquished.

Vanquished Creatures (others)
  56 fungi
  37 plants
93 creatures vanquished.

Grand Total: 774 creatures vanquished

Notes
Turn   | Place    | Note
--------------------------------------------------------------
     0 | D:1      | FitzyFitz the Vine Stalker Earth Elementalist began the quest for the Orb.
     0 | D:1      | Reached XP level 1. HP: 9/9 MP: 4/4
   154 | D:1      | Reached XP level 2. HP: 13/13 MP: 6/6
   403 | D:1      | Reached skill level 4 in Earth Magic
   602 | D:1      | Reached XP level 3. HP: 14/16 MP: 7/7
   824 | D:2      | Learned a level 3 spell: Stone Arrow
  1063 | D:2      | Reached skill level 1 in Conjurations
  1277 | D:2      | Reached XP level 4. HP: 21/21 MP: 5/8
  1734 | D:2      | Found a burning altar of Makhleb.
  1734 | D:2      | Found a shimmering altar of Xom.
  2105 | D:3      | Noticed an ice beast
  2183 | D:3      | Killed an ice beast
  2183 | D:3      | Reached skill level 5 in Earth Magic
  2183 | D:3      | Reached XP level 5. HP: 24/24 MP: 7/10
  2387 | D:3      | Gained mutation: You heal very quickly. [Vine Stalker growth]
  2387 | D:3      | Reached XP level 6. HP: 28/28 MP: 7/11
  2604 | D:3      | Noticed Jessica
  2606 | D:3      | Killed Jessica
  2614 | D:3      | Noticed Robin
  2625 | D:3      | Killed Robin
  2743 | D:3      | Learned a level 4 spell: Petrify
  2746 | D:3      | Learned a level 2 spell: Passwall
  3457 | D:4      | Upgraded the game from 0.19-a0-414-g76fec5b to 0.19-a0-453-g7eaa1ff
  3517 | D:4      | Got a fine ring mail
  3637 | D:5      | Entered Level 5 of the Dungeon
  3662 | D:5      | Reached XP level 7. HP: 26/32 MP: 1/14
  3864 | D:5      | Found a radiant altar of Vehumet.
  3997 | D:5      | Became a worshipper of Vehumet
  4017 | D:5      | Found a staircase to the Ecumenical Temple.
  4028 | Temple   | Entered the Ecumenical Temple
  4199 | Temple   | Learned a level 5 spell: Lee's Rapid Deconstruction
  4227 | D:5      | Reached skill level 6 in Earth Magic
  4733 | D:5      | Noticed LogicNinja's ghost (novice DECj)
  4760 | D:6      | Reached skill level 7 in Earth Magic
  5166 | D:4      | HP: 1/32 [orc priest/divine providence (8)]
  5301 | D:4      | Gained mutation: You have razor-sharp teeth. [Vine Stalker growth]
  5301 | D:4      | Reached XP level 8. HP: 36/36 MP: 16/16
  5400 | D:5      | Identified the +1 ring mail of the Moon {MR+ Int+3} (You found it on level 4 of the Dungeon)
  5467 | D:5      | Found a deep blue altar of Sif Muna.
  5753 | D:6      | Reached skill level 8 in Earth Magic
  6122 | D:6      | Found a blossoming altar of Fedhas.
  6127 | D:6      | Found a sparkling altar of Nemelex Xobeh.
  6208 | D:6      | Reached * piety under Vehumet
  6208 | D:6      | Offered knowledge of Magic Dart by Vehumet.
  6214 | D:6      | Learned a level 1 spell: Magic Dart
  6312 | D:6      | Reached skill level 9 in Earth Magic
  6542 | D:6      | Reached skill level 5 in Spellcasting
  6990 | D:6      | Found a bloodstained altar of Trog.
  7035 | D:6      | Found a hazy altar of Hepliaklqana.
  7129 | D:6      | Reached skill level 1 in Fighting
  7129 | D:6      | Reached XP level 9. HP: 41/41 MP: 11/17
  7179 | D:7      | Reached skill level 5 in Conjurations
  7272 | D:7      | Offered knowledge of Flame Tongue by Vehumet.
  7318 | D:7      | Noticed Joseph
  7395 | D:7      | Found a glowing silver altar of Zin.
  7428 | D:7      | You fall through a shaft for 3 floors!
  7428 | D:10     | Entered Level 10 of the Dungeon
  7440 | D:10     | Noticed a hill giant
  7524 | D:10     | Reached ** piety under Vehumet
  7570 | D:10     | Noticed Erolcha
  7570 | D:10     | Noticed a troll
  7980 | D:9      | Found a snail-covered altar of Cheibriados.
  8241 | D:7      | Found a sparkling altar of Nemelex Xobeh.
  8325 | D:7      | Learned a level 3 spell: Dazzling Spray
  8543 | D:7      | Killed Joseph
  8762 | D:7      | Found an ancient bone altar of Kikubaaqudgha.
  8842 | D:7      | Found an opulent altar of Gozag.
  9611 | D:8      | Upgraded the game from 0.19-a0-453-g7eaa1ff to 0.19-a0-459-gb8ed64d
  9634 | D:8      | Reached XP level 10. HP: 46/49 MP: 17/20
 10163 | D:8      | Got a bound steel ring
 10167 | D:8      | Identified the ring "Fyirph" {*Drain rPois rN+ MR+ Str+2} (You took it off an orc wizard on level 8 of the Dungeon)
 10413 | D:8      | Offered knowledge of Searing Ray by Vehumet.
 10648 | D:8      | Found a bloodstained altar of Trog.
 10650 | D:8      | Found a hide-covered altar of Uskayaw.
 10783 | D:9      | Found a stormy altar of Qazlal.
 10868 | D:9      | Found a snail-covered altar of Cheibriados.
 10925 | D:9      | Reached *** piety under Vehumet
 11385 | D:9      | Offered knowledge of Iskenderun's Mystic Blast by Vehumet.
 11409 | D:9      | Found a roughly hewn altar of Beogh.
 11534 | D:9      | Found Haheteo's Distillery.
 11559 | D:9      | Reached skill level 10 in Earth Magic
 11955 | D:9      | Learned a level 4 spell: Iskenderun's Mystic Blast
 12368 | D:10     | Found a bloodstained altar of Trog.
 12368 | D:10     | Noticed a cyan ugly thing
 12536 | D:9      | Upgraded the game from 0.19-a0-459-gb8ed64d to 0.19-a0-467-g6e97241
 12590 | D:9      | Reached **** piety under Vehumet
 12950 | D:10     | Killed a hill giant
 12950 | D:10     | Reached skill level 5 in Fighting
 13071 | D:10     | Upgraded the game from 0.19-a0-467-g6e97241 to 0.19-a0-518-g626ee58
 13155 | D:10     | Offered knowledge of Static Discharge by Vehumet.
 13221 | D:10     | Noticed Grum
 13240 | D:10     | Reached XP level 11. HP: 32/56 MP: 4/24
 13447 | D:10     | Killed Grum
 13496 | D:10     | Noticed Nergalle
 13586 | D:11     | Noticed an orc knight
 13588 | D:11     | Upgraded the game from 0.19-a0-518-g626ee58 to 0.19-a0-569-g984bae3
 13595 | D:11     | Learned a level 5 spell: Bolt of Magma
 13627 | D:10     | Found a staircase to the Lair.
 13631 | D:10     | Noticed a hill giant
 13657 | D:10     | Killed a hill giant
 13684 | Lair:1   | Entered Level 1 of the Lair of Beasts
 14083 | Lair:1   | Noticed Urug
 14815 | D:11     | Reached skill level 1 in Short Blades
 14965 | D:11     | Upgraded the game from 0.19-a0-569-g984bae3 to 0.19-a0-599-g723c685
 15330 | D:11     | Reached skill level 1 in Fire Magic
 15507 | D:11     | Got a glittering iron ring
 15513 | D:10     | Identified the ring "Poghoo" {rPois rF+ rN+ SInv Stlth-} (You took it off a wight on level 11 of the Dungeon)
 15819 | D:11     | Noticed a green ugly thing
 16775 | Lair:1   | Killed Urug
 17412 | Lair:2   | Reached ***** piety under Vehumet
 17412 | Lair:2   | Offered knowledge of Irradiate by Vehumet.
 17462 | Lair:2   | Reached skill level 5 in Short Blades
 17473 | Lair:1   | Gained mutation: You regenerate. [Vine Stalker growth]
 17473 | Lair:1   | Reached XP level 12. HP: 34/62 MP: 0/25
 18689 | Lair:2   | Reached skill level 5 in Stealth
 19178 | D:10     | Killed Nergalle
 19350 | D:10     | Reached skill level 10 in Conjurations
 20351 | Lair:3   | Reached skill level 11 in Earth Magic
 20364 | Lair:3   | Noticed a death yak
 20384 | Lair:2   | Killed a death yak
 20550 | Lair:3   | Noticed a death yak
 20725 | Lair:3   | Noticed a death yak
 20887 | Lair:3   | Gained mutation: You passively map a small area around you. [potion of beneficial mutation]
 21079 | Lair:3   | Upgraded the game from 0.19-a0-599-g723c685 to 0.19-a0-611-gb5a7e8d
 21198 | Lair:3   | Noticed a death yak
 21321 | Lair:4   | Found a staircase to the Snake Pit.
 21751 | Lair:4   | Reached XP level 13. HP: 65/65 MP: 21/26
 22615 | Lair:2   | Offered knowledge of Poison Arrow by Vehumet.
 22720 | Lair:1   | Learned a level 6 spell: Iron Shot
 22783 | Lair:1   | Reached skill level 12 in Earth Magic
 24510 | Lair:4   | Reached skill level 13 in Earth Magic
 24857 | Lair:5   | Noticed Nessos
 25574 | Lair:5   | Killed Nessos
 25574 | Lair:5   | Reached skill level 10 in Stealth
 26177 | Lair:6   | Reached XP level 14. HP: 58/70 MP: 16/28
 26357 | Lair:6   | Found a staircase to the Swamp.
 27280 | Lair:7   | Offered knowledge of Bolt of Fire by Vehumet.
 27362 | Lair:7   | Identified a scroll of acquirement
 27620 | Lair:7   | Reached skill level 14 in Earth Magic
 29085 | Lair:7   | Reached skill level 1 in Shields
 29087 | Lair:7   | Reached skill level 1 in Staves
 29579 | Lair:7   | Got an iridescent battleaxe
 30221 | Lair:8   | Entered Level 8 of the Lair of Beasts
 30369 | Lair:8   | Found a staircase to the Slime Pits.
 30369 | Lair:8   | Found a viscous altar of Jiyva.
 31012 | Lair:8   | Offered knowledge of Delayed Fireball by Vehumet.
 31371 | Lair:8   | Reached XP level 15. HP: 50/74 MP: 25/29
 32542 | Lair:8   | HP: 1/74 [hell hound (6)]
 32542 | Lair:8   | Slain by a hound

Vault maps used:
D:1:      evilmike_arrival_run_for_it, minmay_misc_feat_room
D:2:      gammafunk_temple_overflow_elements, first_bread
D:3:      minmay_cut_off, uniq_robin, uniq_jessica
D:5:      vehumet_altar_wand_db, led_sif_pool, temple_fountains
D:6:      kennysheep_mini_moat, grunt_temple_overflow_open, trog_book
D:7:      lemuel_doored_altar, zin_statuary, kennysheep_mini,
          nemelex_diamond_rough_becter, uniq_joseph
D:8:      kennysheep_windowed_halls, minitemple
D:9:      overflow_temple_1_default, cheibriados_altar_wand_db, special_room,
          serial_shops, shop, basic_altar
D:10:     david_lair_shrubbed, basic_altar, uniq_grum, uniq_nergalle,
          uniq_erolcha
D:11:     grunt_ogre_cave
Temple:   minmay_temple_bridge_a_8
Lair:1:   uniq_urug
Lair:2:   minmay_lair_oklob_chamber
Lair:3:   cheibrodos_lair_reptile_den, grunt_megastairs_5,
          infiniplex_staircase_pool, serial_bayou_shore_a, serial_bayou_shore_b
Lair:4:   wad_woods_pond, serial_forest, infiniplex_forest_clump_long,
          infiniplex_forest_lined_2, infiniplex_forest_lined_4_way,
          infiniplex_forest_pool, infiniplex_forest_clump_C,
          infiniplex_forest_clump_long, serial_bayou_crossing
Lair:5:   uniq_nessos
Lair:6:   swamp_mist, minivault_23, infiniplex_staircase_pool_2
Lair:7:   minmay_lair_oklob_bushes
Lair:8:   hangedman_lair_caniforms_friends, wormcave, slime_altar_1

Skill      XL: |  1  2  3  4  5  6  7  8  9 10 11 12 13 14 |
---------------+-------------------------------------------+-----
Earth Magic    | 4 5 7 9 10 11 13 14 | 14.7
Conjurations   | 1 2 3 4 6 7 9 10 11 12 | 12.9
Spellcasting   | 3 4 5 6 8 9 |  9.0
Fighting       | 1 3 5 6 |  6.5
Transmutations | 3 4 |  4.0
Dodging        | 2 4 |  4.1
Short Blades   | 5 |  5.1
Fire Magic     | 2 |  2.0
Stealth        | 7 10 11 | 11.3
Shields        | 4 |  4.0
Staves         | 4 |  4.1

Action                   |  1- 3 |  4- 6 |  7- 9 | 10-12 | 13-15 || total
-------------------------+-------+-------+-------+-------+-------++-------
Melee: Dagger            |    20 |       |    22 |   348 |       ||   390
       Bite              |    16 |    18 |    73 |   143 |    64 ||   314
       Unarmed           |     4 |       |       |       |       ||     4
       Mace              |    48 |    67 |   103 |       |       ||   218
       Whip              |       |       |   107 |       |       ||   107
       Quarterstaff      |       |       |    16 |       |       ||    16
       Staff             |       |       |       |    96 |   188 ||   284
 Fire: Hunting sling     |    13 |    55 |   109 |    12 |       ||   189
Throw: Tomahawk          |     2 |       |     1 |       |       ||     3
 Cast: Sandblast         |    18 |    33 |    15 |       |       ||    66
       Stone Arrow       |       |     3 |    57 |    24 |       ||    84
       Magic Dart        |       |       |    33 |   139 |    16 ||   188
       Petrify           |       |       |    17 |    25 |     4 ||    46
       Lee's Rapid Decon |       |       |     5 |    56 |    29 ||    90
       Dazzling Spray    |       |       |     1 |    23 |     3 ||    27
       Iskenderun's Myst |       |       |       |   146 |   300 ||   446
       Bolt of Magma     |       |       |       |    79 |    81 ||   160
       Iron Shot         |       |       |       |       |   106 ||   106
       Passwall          |       |       |       |       |     1 ||     1
Evoke: Wand              |       |       |     2 |     2 |    13 ||    17
  Use: Scroll            |     2 |       |     8 |    12 |    17 ||    39
       Potion            |       |       |     6 |     2 |     1 ||     9
 Stab: Sleeping          |     4 |     4 |     6 |     2 |       ||    16
       Petrifying        |       |       |     2 |       |       ||     2
       Petrified         |       |       |     9 |     4 |       ||    13
       Invisible         |       |       |       |     4 |       ||     4
       Distracted        |       |       |       |       |     1 ||     1
  Eat: Chunk             |     1 |     6 |    11 |    69 |    86 ||   173
       Royal jelly       |       |     1 |     1 |       |     6 ||     8
       Meat ration       |       |       |     2 |       |       ||     2
       Beef jerky        |       |       |     2 |     2 |     1 ||     5
       Bread ration      |       |       |     1 |     4 |       ||     5
       Pizza             |       |       |       |     2 |       ||     2
       Fruit             |       |       |       |       |     1 ||     1
Armor: Robe              |    27 |    19 |    42 |    81 |    57 ||   226
       Ring mail         |       |       |    44 |       |       ||    44
Dodge: Dodged            |    58 |    69 |   238 |   372 |   201 ||   938
Block: Buckler           |       |       |     1 |    98 |    65 ||   164
